 Dungeon Crawl Stone Soup version 0.31-a0-559-g03b8d61ab2 (webtiles) character file.

Game seed: 3261081261356757457

41 AdnanSaban the Covered (level 3, 0/23 HPs)
             Began as a Gargoyle Fighter on Aug 17, 2023.
             Slain by Natasha (8 damage)
             ... on level 2 of the Dungeon.
             The game lasted 00:01:03 (1618 turns).

AdnanSaban the Covered (Gargoyle Fighter)           Turns: 1618, Time: 00:01:03

Health: 0/23       AC: 10    Str: 27    XL:     3   Next: 52%
Magic:  3/3        EV:  9    Int:  8    God:
Gold:   65         SH:  4    Dex:  9    Spells: 2/2 levels left

rFire   . . .        a - +0 flail
rCold   . . .        c - +0 buckler
rNeg    + . .        b - +0 scale mail
rPois   ∞            (no helmet)
rElec   +            (no cloak)
rCorr   .            (no gloves)
SInv    .            (no boots)
Will    .....        (no amulet) Stlth
                     h - +6 ring of strength
HPRegen 0.23/turn    (no ring)
MPRegen 0.08/turn

%: no passive effects
@: no status effects
A: sickness immunity, AC +3, negative energy resistance 1, electricity
resistance, torment resistance 1, petrification resistance
a: no special abilities


You were on level 2 of the Dungeon.
You visited 1 branch of the dungeon, and saw 2 of its levels.

You collected 65 gold pieces.

Inventory:

Hand Weapons
 a - a +0 flail (weapon)
Armour
 b - a +0 scale mail (worn)
 c - a +0 buckler (worn)
Jewellery
 h - a +6 ring of strength (left hand)
Scrolls
 g - a scroll of revelation {unknown}
 i - a scroll of identify {unknown}
 k - a scroll of poison {unknown}
Potions
 d - a potion of might
 e - a potion of mutation {unknown}
 f - 2 potions of brilliance {unknown}
 j - a potion of heal wounds {unknown}
 l - a potion of lignification {unknown}


   Skills:
 + Level 3.4 Fighting
 + Level 2.6 Maces & Flails
 + Level 4.0 Armour
 + Level 0.4 Dodging
 + Level 3.5 Shields


You had 2 spell levels left.
You didn't know any spells.
Your spell library contained the following spells:

 Spells                   Type           Power      Damage    Failure   Level
 Shock                    Conj/Air       0%         1d3       75%         1
 Dazzling Flash           Conj/Hex       0%         N/A       98%         3
 Inner Flame              Hex/Fire       0%         N/A       98%         3
 Swiftness                Air            0%         N/A       98%         3
 Airstrike                Air            0%         2d(0-16)  100%        4
 Agony                    Necr           0%         N/A       100%        5
 Silence                  Hex/Air        0%         N/A       100%        5
 Yara's Violent Unravell  Hex/Tmut       0%         3d3       100%        5
 Enfeeble                 Hex            0%         N/A       100%        7


Dungeon Overview and Level Annotations

Branches:
Dungeon (2/15)

Altars:

Annotations:
D:2 Natasha


Innate Abilities, Weirdness & Mutations

You are immune to sickness and miasma.
Your stone body is resilient. (AC +3)
You are immune to poison.
You resist negative energy. (rN+)
You are resistant to electric shocks. (rElec)
You are resistant to unholy torment.
You are immune to petrification.


Message History

f - 2 amethyst potions (gained 1)
There is a stone staircase leading up here.
You open the door.
Natasha, Servant of Life and Death comes into view.
Found a plate armour.
Natasha hisses angrily.
Natasha stares at you and mumbles some strange words.
The magic dart hits you.
Natasha is nearby!
Natasha casts a spell at you. The magic dart hits you.
Natasha stares at you and mumbles some strange words.
You resist with significant effort. Natasha claws you.
You barely miss Natasha. Natasha casts a spell at you.
The magic dart hits you but does no damage.
You closely miss Natasha. Natasha claws you.
You are too injured to fight recklessly!
You are too injured to fight recklessly!
You are too injured to fight recklessly!
You are too injured to fight recklessly!
You are too injured to fight recklessly!
You are too injured to fight recklessly!
You are too injured to fight recklessly!
You are too injured to fight recklessly!
You are too injured to fight recklessly!
You are too injured to fight recklessly!
You are too injured to fight recklessly!
You are too injured to fight recklessly!
You are too injured to fight recklessly!
You are too injured to fight recklessly!
You are too injured to fight recklessly!
You are too injured to fight recklessly!
You are too injured to fight recklessly!
You closely miss Natasha. Natasha claws you. You block Natasha's attack.
You thump Natasha!
Natasha is severely wounded.
Natasha claws you!
You die...

.####......................##....
.# #....#########.##.#..........
## #.†......... #.##.#.....#.###
##..#######. #..#.#.#.#.#.# #..#
...#.###.#)#.#.#.#.# #..#
#...........#+#...# ....
#.###.######...†....###
#...##...................'..
#...# #...h@....##.......##.
#.........##.......##.
#.........##...######.
#.........##...# #.
#.........##.#.# #.
...........##..>######.
#...[.......+ ........
#...........# #######. #....


You could see Natasha.

Vanquished Creatures
  A worm (D:2)
  A dart slug (D:2)
  3 ball pythons
  3 endoplasms (D:1)
  A giant cockroach (D:1)
  4 goblins (D:1)
  2 hobgoblins (D:1)
  4 jackals (D:1)
  2 kobolds (D:1)
  4 bats
  3 frilled lizards
  6 rats
34 creatures vanquished.

Notes
Turn   | Place    | Note
-------+----------+-------------------------------------------
     0 | D:1      | AdnanSaban the Gargoyle Fighter began the quest for the
                  | Orb.
     0 | D:1      | Reached XP level 1. HP: 14/14 MP: 1/1
   294 | D:1      | Reached XP level 2. HP: 19/19 MP: 2/2
   638 | D:1      | Reached XP level 3. HP: 22/23 MP: 3/3
  1463 | D:2      | Found the +8 trident of the Octopus King {venom, rElec
                  | rPois}
  1472 | D:2      | Reached skill level 4 in Armour
  1610 | D:2      | Noticed Natasha
  1618 | D:2      | Slain by Natasha

Illustrated notes

Levels and vault maps discovered:
D:1:      dpeg_arrival_circle_labyrinth_c, layout_basic
D:2:      layout_basic, minivault_19, grunt_decor_junction, uniq_natasha

Skill      XL: |  1  2  3 |
---------------+----------+-----
Armour         | 4 |  4.0
Fighting       | |  3.4
Maces & Flails | |  2.6
Dodging        | |  0.4
Shields        | |  3.5

Action                     || total
---------------------------++-------
  Melee: Flail             ||   136
 Armour: Scale mail        ||    87
  Dodge: Dodged            ||    87
  Block: Buckler           ||    41

Table legend: (Time is in decaauts)
 A = Elapsed time spent in this place.
 B = Non-inter-level travel time spent in this place.
 C = Inter-level travel time spent in this place.
 D = Time resting spent in this place.
 E = Time spent auto-exploring this place.
 F = Levels seen in this place.
 G = Mean time per level.
                   A        B        C        D        E       F      G
               +--------+--------+--------+--------+--------+-----+--------+
         Total |   1660 |   1569 |     91 |      0 |   1263 |   2 |  830.0 |
       Dungeon |   1660 |   1569 |     91 |      0 |   1263 |   2 |  830.0 |
               +--------+--------+--------+--------+--------+-----+--------+

Top non-repeatable levels by time:
     D:1: 1377 daAuts
     D:2: 283 daAuts
